 Dungeon Sprint DCSS version 0.22-a0-858-g985ef60 (webtiles) character file.

2338 pasperui the Thaumaturge (level 9, -7/91 HPs)
             Began as a Naga Transmuter on July 27, 2018.
             Was a Believer of Cheibriados.
             Mangled by a centaur warrior (11 damage)
             ... in the Dungeon (Sprint I: "Red Sonja").
             The game lasted 00:07:00 (1373 turns).

pasperui the Thaumaturge (Naga Transmuter)          Turns: 1373, Time: 00:07:01

Health: -7/91      AC:  4    Str: 19    XL:     9   Next: 43%
Magic:  20/24      EV:  8    Int: 18    God:    Cheibriados [**....]
Gold:   829        SH:  0    Dex: 16    Spells: 25/31 levels left

rFire    . . .     SeeInvis +     - Unarmed
rCold    . . .     Gourm    .   (shield currently unavailable)
rNeg     . . .     Faith    .   b - +0 robe
rPois    +         Spirit   .   (no helmet)
rElec    .         Reflect  .   (no cloak)
rCorr    .         Harm     .   (gloves currently unavailable)
MR       +....     NoTele   +   (no barding)
Stlth    +++++.....             (no amulet)
HPRegen  0.25/turn              m - -2 ring of evasion (curse)
MPRegen  0.19/turn              n - ring of flight

@: blade hands (expiring), very slow
A: large, see invisible, deformed body, poison resistance, slowness 2, slow
metabolism 1, spit poison 1, AC +3
a: Spit Poison, End Transformation, Bend Time, Renounce Religion, Evoke Flight


You were in the Dungeon.
You worshipped Cheibriados.
Cheibriados was pleased with you.
You were not hungry.
You had blades for hands.
You visited 1 branch You collected 829 gold pieces.

Inventory:

Missiles
 a - 12 arrows
Armour
 b - a +0 robe (worn)
Jewellery
 m - a cursed -2 ring of evasion (left scythe-like blade)
 n - a ring of flight (right scythe-like blade)
Scrolls
 i - a scroll of immolation {unknown}
 j - a scroll of blinking
 k - 2 scrolls of identify {unknown}
 o - a scroll of enchant armour {unknown}
Potions
 c - a potion of cancellation {unknown}
 e - 3 potions of curing
 f - a potion of degeneration {unknown}
 g - a potion of haste
 h - 2 potions of magic
Comestibles
 d - a ration


   Skills:
 - Level 9.3 Fighting
 * Level 1.5 Dodging
 - Level 10.6 Stealth
 - Level 6.4 Unarmed Combat
 - Level 11.5 Spellcasting
 - Level 8.7 Transmutations
 - Level 8.1 Invocations


You had 25 spell levels left.
You knew the following spells:

 Your Spells              Type           Power        Failure   Level  Hunger
a - Beastly Appendage     Tmut           #####.       9%          1    None
b - Blade Hands           Tmut           #####.....   34%         5    ####...

Your spell library contained the following spells:

 Spells                   Type           Power        Failure   Level  Hunger
 Spider Form              Tmut/Pois      ####......   28%         3    None
 Ice Form                 Ice/Tmut       ####....     50%         4    ##.....
 Sticks to Snakes         Tmut           #####...     10%         2    None


Dungeon Overview and Level Annotations

Branches:
Dungeon (1/1)

Altars:
Cheibriados
Dithmenos
Elyvilon
Fedhas
Gozag
Hepliaklqana
Kikubaaqudgha
Makhleb
Nemelex Xobeh
Okawaru
Qazlal
Ru
Sif Muna
Trog
Uskayaw
Vehumet
Wu Jian
Xom
Yredelemnul
Zin
The Shining One
Jiyva
Lugonu

Shops:
D (*[


Innate Abilities, Weirdness & Mutations

You cannot wear boots.
Your serpentine skin is tough. (AC +3)
You have supernaturally acute eyesight. (SInv)
Armour fits poorly on your strangely shaped body.
Your system is resistant to poisons. (rPois)
You cover ground very slowly.
You have a slow metabolism.
You can spit poison.


Message History

The centaur warrior shoots an arrow.
The arrow hits you!!
You hear a splash.
The centaur warrior shoots an arrow.
The arrow hits you!!
You hear a splash.
The centaur warrior unwields an uncursed shortbow.
The centaur warrior hits you!
* * * LOW HITPOINT WARNING * * *
The centaur warrior shoots an arrow.
The arrow hits you!
* * * LOW HITPOINT WARNING * * *
You hear a splash.
The centaur warrior hits you but does no damage.
Found 15 gold pieces and 5 exploding tomahawks.
You see here 5 arrows.
Okay, then.
Okay, then.
Okay, then.
The centaur warrior closely misses you.
The centaur warrior unwields an uncursed shortbow.
The centaur warrior hits you!
You die...

########################
.#..)..#.)'..#__#..')..#
.)..#..'..#..'..'..#...#
.#####'#####+#__####...+
.####..#...#)####§§#####
.#__####..##.#§§§§.#
.#_____##+#_.+§§@c§+
⌠#_.∩...+)(._#§§§c§#
##_..__##_.#+##'####
#_____###'#.#§§..###
##########.####'###.##
^.......'...'.....'.∩#
#++++####...##########
###.### #.#'#.#


You could see 2 centaur warriors.

Vanquished Creatures
  Sonja (D)
  A deep troll (D)
  2 kobold demonologists (D)
  A slime creature (D)
  Sigmund (D)
  A yak (D)
  A floating eye (D)
  An ogre (D)
  A jelly (D)
  Ijyb (D)
  2 ballistomycetes (D)
  A ballistomycete spore (D)
14 creatures vanquished.

Vanquished Creatures (others)
  A gargoyle (D)
  A ballistomycete spore (D)
2 creatures vanquished.

Grand Total: 16 creatures vanquished

Notes
Turn   | Place    | Note
-------+----------+-------------------------------------------
     0 | D        | pasperui the Naga Transmuter began the quest for the Orb.
     0 | D        | Reached XP level 1. HP: 18/18 MP: 3/3
     2 | D        | Noticed Ijyb
    32 | D        | Killed Ijyb
    32 | D        | Reached XP level 2. HP: 11/25 MP: 1/5
    32 | D        | Reached XP level 3. HP: 13/31 MP: 1/6
   204 | D        | Killed a gargoyle
   207 | D        | Noticed an ogre
   212 | D        | Killed an ogre
   212 | D        | Reached skill level 10 in Stealth
   212 | D        | Reached XP level 4. HP: 38/38 MP: 5/7
   302 | D        | Noticed Sigmund
   314 | D        | Killed Sigmund
   314 | D        | Reached XP level 5. HP: 15/44 MP: 6/8
   314 | D        | Reached XP level 6. HP: 17/51 MP: 6/9
   506 | D        | Found an ornate altar of the Wu Jian Council.
   506 | D        | Found a deep blue altar of Sif Muna.
   508 | D        | Found a radiant altar of Vehumet.
   514 | D        | Reached skill level 3 in Spellcasting
   549 | D        | Learned a level 5 spell: Blade Hands
   640 | D        | Found Onan's Assorted Antiques.
   640 | D        | Found an ancient bone altar of Kikubaaqudgha.
   640 | D        | Found a hazy altar of Hepliaklqana.
   640 | D        | Found a stormy altar of Qazlal.
   640 | D        | Found a hide-covered altar of Uskayaw.
   640 | D        | Found a blossoming altar of Fedhas.
   640 | D        | Found a bloodstained altar of Trog.
   640 | D        | Found an iron altar of Okawaru.
   640 | D        | Found a basalt altar of Yredelemnul.
   640 | D        | Found a glowing golden altar of the Shining One.
   640 | D        | Found a snail-covered altar of Cheibriados.
   640 | D        | Found a sacrificial altar of Ru.
   640 | D        | Found a glowing silver altar of Zin.
   640 | D        | Found a shadowy altar of Dithmenos.
   640 | D        | Found a white marble altar of Elyvilon.
   640 | D        | Noticed a yak
   641 | D        | Found an opulent altar of Gozag.
   642 | D        | Killed a yak
   642 | D        | Reached XP level 7. HP: 70/70 MP: 4/12
   651 | D        | Found a burning altar of Makhleb.
   651 | D        | Found a viscous altar of Jiyva.
   651 | D        | Found a shimmering altar of Xom.
   651 | D        | Found a corrupted altar of Lugonu.
   651 | D        | Noticed a slime creature
   656 | D        | Killed a slime creature
   666 | D        | Found a sparkling altar of Nemelex Xobeh.
   670 | D        | Became a worshipper of Cheibriados the Contemplative
   717 | D        | Noticed a kobold demonologist
   718 | D        | Noticed a kobold demonologist
   720 | D        | Noticed a neqoxec
   721 | D        | Killed a kobold demonologist
   721 | D        | Reached XP level 8. HP: 85/85 MP: 7/13
   727 | D        | Killed a kobold demonologist
   727 | D        | Reached * piety under Cheibriados
   727 | D        | Reached skill level 6 in Spellcasting
   769 | D        | Noticed Sonja
   774 | D        | Killed Sonja
   774 | D        | Reached ** piety under Cheibriados
   774 | D        | Reached skill level 9 in Spellcasting
   774 | D        | Reached XP level 9. HP: 81/91 MP: 12/22
   793 | D        | Found Komm's Antique Weapon Boutique.
  1057 | D        | Noticed a deep troll
  1066 | D        | Killed a deep troll
  1066 | D        | Reached skill level 11 in Spellcasting
  1079 | D        | Found Myaxkeck's Armour Emporium.
  1371 | D        | Noticed a centaur warrior
  1371 | D        | Noticed a centaur warrior
  1372 | D        | HP: 4/91 [centaur warrior/arrow (9)]
  1373 | D        | Mangled by a centaur warrior

Vault maps used:
D:        dungeon_sprint_1

Skill      XL: |  1  2  3  4  5  6  7  8  9 |
---------------+----------------------------+-----
Unarmed Combat | 6 |  6.4
Stealth        | 10 | 10.6
Transmutations | 8 |  8.7
Spellcasting   | 3 9 11 | 11.5
Fighting       | 6 9 |  9.3
Invocations    | 7 8 |  8.1
Dodging        | |  1.5

Action                   |  1- 3 |  4- 6 |  7- 9 || total
-------------------------+-------+-------+-------++-------
Melee: Unarmed           |    26 |    13 |    30 ||    69
       Headbutt          |     3 |     2 |       ||     5
 Cast: Beastly Appendage |     4 |     3 |       ||     7
       Blade Hands       |       |     1 |     5 ||     6
 Abil: Spit Poison       |     3 |     2 |     2 ||     7
       End Transformatio |       |       |     1 ||     1
  Use: Potion            |     2 |       |       ||     2
 Stab: Sleeping          |       |     2 |       ||     2
  Eat: Ration            |       |       |     1 ||     1
Armor: Robe              |     1 |     1 |     6 ||     8
Dodge: Dodged            |     9 |     4 |    12 ||    25

Table legend:
 A = Spawn XP
 B = Non-spawn XP
 C = Spawn XP percentage of total XP
 D = Spawn monster count
 E = Non-spawn monster count
 F = Spawn count percentage of total count
 G = Total turns spent on level
                    A         B        C        D         E        F      G
               +---------+---------+-------+---------+---------+-------+---------
         Total |       0 |    3340 |   0.0 |       0 |      11 |   0.0 |  1373
               +---------+---------+-------+---------+---------+-------+---------
             D |       0 |    3340 |   0.0 |       0 |      11 |   0.0 |  1373
               +---------+---------+-------+---------+---------+-------+---------
